 Dungeon Crawl Stone Soup version 0.20-a0-540-ge6d1839 (webtiles) character file.

3438 Messajah the Carver (level 9, -12/70 HPs)
             Began as a Minotaur Berserker on Jan 28, 2017.
             Was an Elder of Trog.
             Killed by divine providence
             ... invoked by an orc priest
              (15 damage)
             ... on level 8 of the Dungeon on Jan 29, 2017.
             The game lasted 00:22:29 (6980 turns).

Messajah the Carver (Minotaur Berserker)            Turns: 6980, Time: 00:22:29

Health: -12/70     AC: 13    Str: 21    XL:     9   Next: 77%
Magic:  8/8        EV: 12    Int:  4    God:    Trog [****..]
Gold:   450        SH:  0    Dex: 14    Spells: 8/8 levels left

rFire    + + .     SeeInvis .   a - +0 falchion
rCold    . . .     Gourm    .   t - +1 chain mail {rF+}
rNeg     . . .     Faith    .   (no shield)
rPois    +         Spirit   .   (helmet restricted)
rElec    .         Reflect  .   (no cloak)
rCorr    .         Harm     .   e - +0 pair of gloves
MR       .....                  (no boots)
Stlth    ..........             (no amulet)
Regen    0.3/turn               l - ring of protection from fire
                                d - ring of poison resistance

@: exhausted, slowed, very slow
A: retaliatory headbutt, horns 2
a: Berserk, Trog's Hand, Brothers in Arms, Burn Spellbooks, Renounce Religion


You were on level 8 of the Dungeon.
You worshipped Trog.
Trog was greatly pleased with you.
You were near starving.

You visited 2 branches of the dungeon, and saw 9 of its levels.

You collected 450 gold pieces.

Inventory:

Hand Weapons
 a - a +0 falchion (weapon)
Missiles
 j - 7 javelins (quivered)
 C - a throwing net
Armour
 e - a +0 pair of gloves (worn)
 t - a +1 chain mail of fire resistance (worn)
Jewellery
 d - a ring of poison resistance (left hand)
 l - a ring of protection from fire (right hand)
Wands
 m - a wand of digging (16/24)
 D - a wand of random effects (13/48)
Scrolls
 h - a scroll of fear {unknown}
 i - 7 scrolls of remove curse {unknown}
 k - 9 scrolls of identify {unknown}
 p - a scroll of noise {unknown}
 r - a scroll of random uselessness {unknown}
 u - 4 scrolls of teleportation {unknown}
 v - a scroll of recharging {unknown}
 w - a scroll of blinking {unknown}
 y - 2 scrolls of immolation {unknown}
 B - a scroll of fog {unknown}
 E - 2 scrolls of magic mapping {unknown}
Potions
 b - a potion of might {unknown}
 g - 2 potions of mutation {unknown}
 n - a potion of agility {unknown}
 o - 3 potions of heal wounds {unknown}
 q - 5 potions of degeneration {unknown}
 s - 3 potions of flight {unknown}
 x - a potion of lignification {unknown}
 A - a potion of curing {unknown}
Comestibles
 c - 7 bread rations
 f - 7 meat rations
 z - 3 royal jellies
 F - 2 chunks of flesh


   Skills:
 - Level 3.6 Fighting
 - Level 12.0 Long Blades
 - Level 8.5 Armour
 * Level 8.3 Dodging


You had 8 spell levels left.
You didn't know any spells.

Dungeon Overview and Level Annotations

Branches:
Dungeon (8/15)             Temple (1/1) D:7
   Lair: D:8-11

Altars:
Ashenzari
Cheibriados
Dithmenos
Elyvilon
Fedhas
Gozag
Kikubaaqudgha
Makhleb
Nemelex Xobeh
Okawaru
Ru
Sif Muna
Trog
Uskayaw
Vehumet
Xom
Zin
The Shining One

Shops:
D:5 !


Innate Abilities, Weirdness & Mutations

You reflexively headbutt those who attack you in melee.
You have a pair of horns on your head.


Message History

* * * LOW HITPOINT WARNING * * *
You closely miss the orc priest. You headbutt the orc priest.
The orc priest is heavily wounded.
The orc priest hits you with a dagger.
* * * LOW HITPOINT WARNING * * *
You closely miss the orc priest.
The orc priest is heavily wounded.
The orc priest hits you with a dagger.
* * * LOW HITPOINT WARNING * * *
You barely miss the orc priest.
The orc priest is heavily wounded.
The orc priest mumbles some strange prayers to Beogh against you.
Pain shoots through your body!
* * * LOW HITPOINT WARNING * * *
You hit the orc priest but do no damage.
You headbutt the orc priest.
The orc priest is severely wounded.
The orc priest invokes the aid of Beogh against you.
Beogh smites you!
You die...

##..# #... #...
#.. #.. #.# #.#
############.#
#........@o))##.#
#.##########...#
#.# #..## #(#
#.... #รท#####
#...... #.....#
#.#.##..# #####.#
#$.$# .# #.#
#.### # #.# #..


You could see an orc priest.

Vanquished Creatures
  The ghost of Rhoefr the Covert, a novice OpEE of Sif Muna (D:6)
  A queen bee (D:8)
  Grinder (D:3)
  A black bear (D:7)
  The ghost of Graouh the Shield-Bearer, an amateur MiFi (D:3)
  4 ogres
  2 centaurs (D:6)
  A bullfrog (D:6)
  A gnoll sergeant (D:7)
  2 scorpions
  A water moccasin skeleton (D:6)
  13 killer bees (D:8)
  2 howler monkeys
  An electric eel (D:6)
  2 crimson imps
  A jelly (D:5)
  A centaur zombie (D:5)
  5 hounds
  An orc priest (D:3)
  2 bullfrog skeletons (D:5)
  A centaur skeleton (D:6)
  Jessica (D:5)
  An iguana (D:4)
  3 worker ants
  4 orc wizards
  2 hound zombies
  4 gnolls (D:7)
  5 adders
  3 shadow imps
  3 oozes
  An adder zombie (D:5)
  2 adder skeletons
  4 worms
  A dart slug (D:1)
  4 leopard geckos
  22 orcs
  5 giant cockroaches
  6 goblins
  11 hobgoblins
  12 jackals
  3 quokkas
  7 bats
  2 frilled lizards
  9 kobolds
  A quokka skeleton (D:5)
  10 rats
171 creatures vanquished.

Vanquished Creatures (collateral kills)
  A necrophage (D:8)
  A killer bee (D:8)
  An orc (D:8)
3 creatures vanquished.

Grand Total: 174 creatures vanquished

Notes
Turn   | Place    | Note
-------+----------+-------------------------------------------
     0 | D:1      | Messajah the Minotaur Berserker began the quest for the Orb.
     0 | D:1      | Reached XP level 1. HP: 19/19 MP: 0/0
     0 | D:1      | Upgraded the game from 0.20-a0-537-g052e6ba to 0.20-a0-540-ge6d1839
    91 | D:1      | Reached skill level 4 in Long Blades
   116 | D:1      | Reached XP level 2. HP: 26/26 MP: 1/1
   387 | D:1      | Reached skill level 5 in Long Blades
   556 | D:1      | Reached XP level 3. HP: 31/31 MP: 2/2
   783 | D:2      | Reached ** piety under Trog
   977 | D:2      | You fall through a shaft!
  1013 | D:3      | Found a faded altar of an unknown god.
  1088 | D:3      | Reached XP level 4. HP: 39/39 MP: 3/3
  1092 | D:3      | Reached skill level 6 in Long Blades
  1586 | D:3      | Reached skill level 7 in Long Blades
  1586 | D:3      | Reached XP level 5. HP: 43/45 MP: 4/4
  1650 | D:3      | Noticed Grinder
  1916 | D:4      | Found an iron altar of Okawaru.
  2183 | D:4      | Reached skill level 8 in Long Blades
  2249 | D:4      | Noticed an ogre
  2277 | D:4      | Killed an ogre
  2277 | D:4      | Reached XP level 6. HP: 51/51 MP: 5/5
  2434 | D:4      | Reached *** piety under Trog
  2621 | D:5      | Entered Level 5 of the Dungeon
  2633 | D:5      | Reached skill level 9 in Long Blades
  2827 | D:5      | Found a sacrificial altar of Ru.
  2879 | D:5      | Found a sparkling altar of Nemelex Xobeh.
  2879 | D:5      | Noticed Jessica
  2888 | D:5      | Killed Jessica
  2912 | D:5      | Found Goeq's Distillery.
  2959 | D:5      | Found a snail-covered altar of Cheibriados.
  3024 | D:5      | Reached XP level 7. HP: 52/57 MP: 6/6
  3069 | D:5      | Found a shadowy altar of Dithmenos.
  3175 | D:5      | Found a glowing silver altar of Zin.
  3258 | D:5      | Found a hide-covered altar of Uskayaw.
  3364 | D:5      | Reached skill level 10 in Long Blades
  3598 | D:6      | Noticed Rhoefr's ghost (novice OpEE)
  3633 | D:6      | Killed Rhoefr's ghost
  3633 | D:6      | Reached skill level 11 in Long Blades
  3633 | D:6      | Reached XP level 8. HP: 56/64 MP: 7/7
  3830 | D:6      | Reached skill level 12 in Long Blades
  4109 | D:6      | Reached **** piety under Trog
  4109 | D:6      | Reached skill level 5 in Armour
  4963 | D:7      | Found a staircase to the Ecumenical Temple.
  4973 | Temple   | Entered the Ecumenical Temple
  5337 | D:7      | Found a radiant altar of Vehumet.
  5337 | D:7      | Found a sparkling altar of Nemelex Xobeh.
  5480 | D:7      | Reached XP level 9. HP: 69/70 MP: 8/8
  5960 | D:3      | Killed Grinder
  6137 | D:3      | Noticed Graouh's ghost (amateur MiFi)
  6154 | D:3      | Killed Graouh's ghost
  6914 | D:8      | Noticed a queen bee
  6917 | D:8      | Reached skill level 5 in Dodging
  6931 | D:8      | Killed a queen bee
  6979 | D:8      | HP: 3/70 [orc priest/nerve-wracking pain (1)]
  6980 | D:8      | Killed from afar by an orc priest

Vault maps used:
D:1:      dpeg_arrival_arbitrary_a
D:2:      minmay_misc_feat_four_crosses
D:3:      chequers_ecumenical_altar_simple_redux, serial_curves, eino_curves_03,
          eino_curves_04, uniq_grinder
D:4:      kennysheep_little_box
D:5:      nicolae_dithmenos_through_a_glass_darkly, old_standard_altar,
          marbit_many_paths, nicolae_overflow_hidden_temple,
          cheibriados_altar_1, kennysheep_mini_moat, first_bread, serial_shops,
          nicolae_shop_stone, nemelex_lonely_heart_becter
D:6:      kennysheep_generic_room_6
D:7:      gammafunk_temple_overflow_elements, minmay_temple_entry_hall
D:8:      david_nohive_1
Temple:   dpeg_chambers_temple

Skill      XL: |  1  2  3  4  5  6  7  8  9 |
---------------+----------------------------+-----
Long Blades    | 4 5 7 8 9 11 12 | 12.0
Armour         | 8 |  8.5
Dodging        | 8 |  8.3
Fighting       | |  3.6

Action                   |  1- 3 |  4- 6 |  7- 9 || total
-------------------------+-------+-------+-------++-------
Melee: Falchion          |    56 |   138 |   308 ||   502
       Headbutt          |    12 |    39 |    64 ||   115
Invok: Berserk           |       |     3 |     3 ||     6
       Burn Spellbooks   |       |       |     1 ||     1
       Brothers in Arms  |       |       |     1 ||     1
  Eat: Chunk             |     1 |     9 |     1 ||    11
       Fruit             |       |       |    15 ||    15
Armor: Animal skin       |    18 |       |       ||    18
       Leather armour    |     9 |     9 |       ||    18
       Chain mail        |       |    48 |   151 ||   199
Dodge: Dodged            |    55 |    64 |   116 ||   235
       Rpst.: Falchion   |    15 |    13 |    32 ||    60
